Map: Kairos Junction LE

Players

TIME (Oliveira)

  • Race: Terran Terran
  • Spawn Location: 11:00

Clem - Winner!

  • Race: Terran Terran
  • League: Grandmaster
  • Spawn Location: 5:00

Event: 2019 WCS Summer

VOD

Have the link to the VOD?

Description

Time

  • Played on: July 13, 2019, 1:31 p.m.
  • Length: 7:43

All games in this series

Show
View Real Time Build Order
Export as new Build Order

TIME Terran 

Build Orders:  

Get SALT Encoding   

  12  0:00  SCV  
  13  0:12  SCV  
  14  0:17  Supply Depot  
  14  0:25  SCV  
  15  0:29  Refinery  
  15  0:39  SCV  
  16  0:44  Barracks  
  16  0:51  SCV  
  16  0:55  Refinery  
  17  1:03  SCV  
  18  1:15  SCV  
  19  1:31  Reaper  
  19  1:32  Orbital Command  
  20  1:36  Factory  
  20  1:46  Supply Depot  
  20  1:57  SCV  
  21  2:04  Reaper  
  22  2:09  SCV  
  23  2:20  Hellion  
  26  2:22  SCV  
  26  2:32  Command Center  
  26  2:35  SCV  
  26  2:40  Reaper  
  26  2:41  Hellion  
  29  2:50  Starport  
  29  2:52  SCV  
  29  2:57  Supply Depot  
  30  3:04  SCV  
  31  3:05  Factory Tech Lab  
  31  3:13  Barracks Tech Lab  
  31  3:19  SCV  
  32  3:31  SCV  
  32  3:32  Refinery  
  33  3:41  Raven  
  35  3:43  SCV  
  35  3:44  Orbital Command  
  36  3:52  Cyclone  
  39  3:56  SCV  
  39  4:01  Barracks Reactor  
  40  4:08  SCV  
  41  4:10  SCV  
  41  4:15  Command Center  
  42  4:22  SCV  
  42  4:24  SCV  
  44  4:27  Raven  
  46  4:32  Supply Depot  
  46  4:33  Refinery  
  46  4:34  SCV  
  46  4:36  SCV  
  46  4:37  Marine  
  46  4:38  Marine  
  50  4:41  Siege Tank  
  53  4:52  SCV  
  50  4:55  Marine  
  50  4:57  SCV  
  50  4:59  Marine  
  49  5:04  SCV  
  46  5:10  SCV  
  46  5:12  Raven  
  49  5:16  Marine, SCV  
  49  5:17  Marine  
  52  5:21  Siege Tank  
  52  5:24  SCV  
  56  5:28  SCV  
  56  5:32  Supply Depot  
  56  5:33  Marine  
  56  5:34  Marine  
  59  5:36  SCV  
  59  5:40  SCV  
  61  5:48  SCV  
  62  5:50  Orbital Command  
  62  5:52  SCV  
  62  5:54  Siege Tank  
  66  6:00  SCV  
  66  6:03  Marine  
  68  6:04  SCV  
  68  6:06  Viking x2  
  68  6:07  Supply Depot  
  73  6:12  SCV  
  73  6:17  SCV  
  75  6:20  Orbital Command  
  75  6:23  Marine  
  75  6:24  Barracks  
  75  6:25  Barracks, SCV  
  77  6:30  Siege Tank, Supply Depot  
  80  6:34  SCV  
  80  6:37  SCV  
  80  6:39  Viking  
  84  6:41  Marine  
  84  6:43  Viking  
  84  6:46  SCV  
  88  6:51  SCV  
  89  6:55  SCV  
  89  6:57  Supply Depot  
  89  6:59  Marine  
  89  7:00  Engineering Bay  
  91  7:01  Engineering Bay  
  91  7:04  SCV x2  
  91  7:06  Supply Depot  
  91  7:07  Siege Tank  
  94  7:15  Barracks Reactor x2  
  96  7:25  SCV  
  96  7:26  SCV  
Show
View Real Time Build Order
Export as new Build Order

Clem Terran - Winner!

Build Orders: Gas First Reaper Expand, Liberator Opening 

Get SALT Encoding   

  12  0:00  SCV  
  13  0:13  SCV  
  14  0:17  Supply Depot  
  14  0:25  SCV  
  15  0:29  Refinery  
  15  0:38  SCV  
  16  0:45  Barracks  
  16  0:51  SCV  
  17  1:03  SCV  
  18  1:15  SCV  
  19  1:32  Orbital Command, Reaper  
  20  1:46  Command Center  
  20  1:57  Factory  
  20  2:01  SCV  
  21  2:06  Barracks Reactor  
  21  2:13  SCV  
  22  2:16  Supply Depot  
  22  2:25  SCV  
  23  2:31  Refinery  
  23  2:38  SCV  
  24  2:45  Starport  
  24  2:47  Hellion x2  
  28  2:51  SCV  
  29  2:59  Orbital Command  
  29  3:03  SCV  
  30  3:09  Hellion  
  30  3:11  Liberator  
  32  3:13  Hellion  
  32  3:17  SCV  
  35  3:21  Barracks Tech Lab  
  35  3:25  SCV  
  41  3:34  Hellion  
  41  3:38  Hellion  
  41  3:39  SCV  
  44  3:41  SCV  
  44  3:46  Supply Depot  
  44  3:51  Refinery  
  44  3:54  SCV x2  
  46  3:56  Supply Depot  
  46  4:07  Marine x2, SCV x2  
  50  4:17  Factory Tech Lab, Raven  
  50  4:19  SCV  
  50  4:20  Supply Depot  
  50  4:22  SCV  
  54  4:25  Marine x2  
  54  4:28  Supply Depot  
  56  4:35  SCV x2  
  56  4:38  Siege Tank  
  61  4:43  Marine  
  61  4:46  Marine  
  61  4:47  SCV x2  
  61  4:50  Supply Depot  
  62  4:59  SCV x2  
  61  5:00  Marine  
  61  5:03  Marine  
  61  5:04  Raven  
  61  5:07  Command Center  
  61  5:13  Siege Tank  
  64  5:16  Supply Depot  
  64  5:19  Marine  
  64  5:20  SCV x2  
  67  5:21  Marine  
  67  5:26  Supply Depot  
  68  5:32  SCV x2  
  68  5:35  Refinery  
  72  5:44  SCV x2, Supply Depot  
  72  5:46  Siege Tank  
  75  5:55  Viking x2  
  75  5:56  SCV x2  
  75  5:57  Marine  
  82  6:08  SCV  
  83  6:11  SCV  
  83  6:14  Marine  
  83  6:18  Siege Tank  
  88  6:20  SCV, Supply Depot  
  88  6:23  SCV  
  90  6:27  Engineering Bay  
  90  6:28  Engineering Bay  
  90  6:29  Viking  
  90  6:31  Viking  
  94  6:33  SCV  
  94  6:34  Marine  
  94  6:35  SCV  
  97  6:42  Barracks  
  97  6:44  Barracks  
  97  6:45  SCV  
  98  6:50  Siege Tank  
  101  6:55  Orbital Command  
  101  6:56  SCV  
  101  6:57  Marine  
  101  7:02  Viking  
  101  7:05  Viking  
  105  7:09  Supply Depot  
  105  7:10  SCV  
  105  7:11  SCV  
  106  7:18  Marine  
  106  7:20  SCV  
  106  7:22  SCV  
  109  7:26  SCV  
  111  7:40  Barracks Reactor  
Tags
 
Add a new tag
Caveats
  • Supply blocks, unpowered buildings, or Contaminate may cause inaccurate times.
  • Supply counts are checked every 10 seconds.